 Dungeon Crawl Stone Soup version 0.26-a0-43-g20b394cb32 (webtiles) character file.

Game seed: 7036970389576236435

1036 Maedhros the Sneak (level 8, -14/51 HPs)
             Began as an Octopode Artificer on June 2, 2020.
             Was a Believer of Cheibriados.
             Demolished by an eight-headed hydra (15 damage)
             ... on level 8 of the Dungeon.
             The game lasted 00:14:51 (3371 turns).

Maedhros the Sneak (Octopode Artificer)             Turns: 3371, Time: 00:14:52

Health: -14/51     AC:  1    Str: 16    XL:     8   Next: 24%
Magic:  10/10      EV: 15    Int: 18    God:    Cheibriados [**....]
Gold:   204        SH:  5    Dex: 20    Spells: 7/7 levels left

rFire    . . .     SeeInvis +   v - +9 dagger of Context {freeze, +Blink MR+ SInv}
rCold    . . .     Gourm    .   l - +0 buckler
rNeg     . . .     Faith    .   (helmet restricted)
rPois    .         Spirit   .   (no amulet)
rElec    .         Reflect  .   (no ring)
rCorr    .         Harm     .   (no ring)
MR       +....                  (no ring)
Stlth    +++++.....             (no ring)
HPRegen  0.17/turn              (no ring)
MPRegen  0.12/turn              (no ring)
                                (no ring)
                                (no ring)

@: about to teleport, very slow
A: almost no armour, stealthy swim, amphibious, 8 rings, constrict 8, camouflage
1, gelatinous body 1
a: Bend Time, Renounce Religion, Evoke Blink


You were on level 8 of the Dungeon.
You worshipped Cheibriados.
Cheibriados was pleased with you.
You were hungry.

You visited 2 branches of the dungeon, and saw 9 of its levels.
You also visited: Sewer.

You collected 204 gold pieces.

Inventory:

Hand Weapons
 h - a +1 vorpal hunting sling
 t - a +0 dagger of electrocution
 v - the +9 dagger of Context (weapon) {freeze, +Blink MR+ SInv}
   (You found it on level 7 of the Dungeon)

   It has been specially enchanted to freeze those struck by it, causing extra
   injury to most foes and up to half again as much damage against particularly
   susceptible opponents.
   It can also slow down cold-blooded creatures.
   It affects your resistance to hostile enchantments.
   It lets you see invisible.
   It lets you blink.
Missiles
 d - 4 throwing nets
 i - 141 stones (quivered)
 o - 5 curare-tipped darts
 r - 17 poisoned darts
 s - 24 sling bullets
Armour
 l - a +0 buckler (worn)
Scrolls
 a - 3 scrolls of amnesia {unknown}
 b - a scroll of enchant armour {unknown}
 e - 2 scrolls of immolation {unknown}
 g - 4 scrolls of remove curse
 j - 2 scrolls of enchant weapon
 k - 2 scrolls of fear {unknown}
 m - 4 scrolls of teleportation
 p - 2 scrolls of magic mapping
Potions
 n - 4 potions of flight
 q - a potion of brilliance
 u - a potion of curing
Comestibles
 f - 6 rations


   Skills:
 + Level 2.5 Fighting
 - Level 1.0 Short Blades
 + Level 3.2 Dodging
 * Level 6.7 Stealth
 + Level 2.2 Shields
 + Level 6.5 Unarmed Combat
 - Level 3.2 Evocations


You had 7 spell levels left.
You didn't know any spells.
Your spell library was empty.

Dungeon Overview and Level Annotations

Branches:
Dungeon (8/15)             Temple (1/1) D:4           Sewer (visited)
   Lair: D:8-11

Altars:
Cheibriados
Makhleb
Uskayaw
Vehumet


Innate Abilities, Weirdness & Mutations

You cannot wear most types of armour.
You are very stealthy in the water. (Stealth+)
You are amphibious.
You can wear up to eight rings at the same time.
You can use your tentacles to constrict eight enemies at once.
Your skin changes colour to match your surroundings (Stealth+).
Your rubbery body absorbs attacks. (AC +1, EV +1)


Message History

The eight-headed hydra misses you. x2; The eight-headed hydra bites you!
You block the eight-headed hydra's attack.
The eight-headed hydra bites you.
The eight-headed hydra bites you but does no damage.
The eight-headed hydra misses you.
Unknown command.
Unknown command.
Unknown command.
Okay, then.
As you read the scroll of teleportation, it crumbles to dust.
You feel strangely unstable.
The eight-headed hydra closely misses you.
The eight-headed hydra bites you! The eight-headed hydra bites you.
* * * LOW HITPOINT WARNING * * *
The eight-headed hydra bites you.
* * * LOW HITPOINT WARNING * * *
The eight-headed hydra bites you!
* * * LOW HITPOINT WARNING * * *
The eight-headed hydra bites you!
You die...

#+ #.#####
#####.#...#
........#.#
##......#
#...a<..#
##..@.#....#
##D#...####
#######


You could see an eight-headed hydra and a worker ant.

Vanquished Creatures
  An ogre (D:7)
  A phantom (D:5)
  A centaur (D:7)
  A quasit (D:7)
  A jelly (D:7)
  An orc priest (D:4)
  6 orc wizards
  An iguana (D:6)
  2 merfolk sirens (Sewer)
  A worker ant (D:7)
  A merfolk avatar (Sewer)
  A howler monkey skeleton (D:4)
  A worker ant zombie (D:6)
  4 gnolls
  9 adders
  7 river rats
  A shadow imp (D:7)
  3 oozes
  6 worms
  5 dart slugs
  4 leopard geckos
  13 orcs
  5 ball pythons
  12 giant cockroaches
  8 goblins
  5 hobgoblins
  6 kobolds
  4 quokkas
  5 bats
  11 frilled lizards
  20 rats
147 creatures vanquished.

Vanquished Creatures (collateral kills)
  An orc priest (D:4)
  An orc (D:4)
  A hobgoblin (D:2)
  2 rats (Sewer)
5 creatures vanquished.

Vanquished Creatures (others)
  Pikel (D:6)
  2 slaves (D:6)
  An orc wizard (D:4)
  An adder (D:4)
5 creatures vanquished.

Grand Total: 157 creatures vanquished

Notes
Turn   | Place    | Note
-------+----------+-------------------------------------------
     0 | D:1      | Maedhros the Octopode Artificer began the quest for the
                  | Orb.
     0 | D:1      | Reached XP level 1. HP: 13/13 MP: 3/3
   120 | D:2      | Reached XP level 2. HP: 16/18 MP: 4/4
   258 | D:2      | Reached XP level 3. HP: 5/23 MP: 5/5
   417 | D:4      | Reached skill level 5 in Stealth
   434 | D:4      | Reached XP level 4. HP: 12/28 MP: 6/6
   464 | D:4      | Found a glowing drain.
   472 | Sewer    | Entered a sewer
   484 | Sewer    | Reached skill level 1 in Unarmed Combat
   622 | Sewer    | Reached XP level 5. HP: 23/33 MP: 7/7
   794 | Sewer    | Noticed a malarious merfolk avatar
   797 | Sewer    | Killed a malarious merfolk avatar
   797 | Sewer    | Reached XP level 6. HP: 28/38 MP: 8/8
   903 | D:4      | Found a staircase to the Ecumenical Temple.
   910 | Temple   | Entered the Ecumenical Temple
   929 | Temple   | Became a worshipper of Cheibriados the Contemplative
  1378 | D:2      | Reached * piety under Cheibriados
  1899 | D:3      | Reached skill level 5 in Unarmed Combat
  2209 | D:4      | Reached XP level 7. HP: 41/43 MP: 9/9
  2210 | D:4      | Reached ** piety under Cheibriados
  2311 | D:5      | Entered Level 5 of the Dungeon
  2492 | D:6      | Noticed Pikel
  2745 | D:5      | HP: 2/43 [phantom (4)]
  2868 | D:5      | Noticed a steam dragon
  2977 | D:5      | Reached skill level 1 in Shields
  3027 | D:6      | Killed Pikel
  3204 | D:7      | Got a bloodstained dagger
  3205 | D:7      | Identified the +9 dagger of Context {freeze, +Blink MR+
                  | SInv} (You found it on level 7 of the Dungeon)
  3226 | D:7      | Reached XP level 8. HP: 44/51 MP: 10/10
  3352 | D:7      | Noticed a hippogriff
  3369 | D:8      | Noticed an eight-headed hydra
  3371 | D:8      | HP: 1/51 [eight-headed hydra (9)]
  3371 | D:8      | Demolished by an eight-headed hydra

Illustrated notes

Levels and vault maps discovered:
D:1:      dpeg_arrival_tiny_b, layout_loops_ring
D:2:      layout_basic, first_ration, minmay_misc_feat_nine_boxes
D:3:      layout_loops_ring, chequers_ecumenical_altar_grove, kennysheep_donut
D:4:      layout_cave_pods, minmay_temple_entry_slanted,
          lightli_sewer_entry_pipes
D:5:      kennysheep_steamy, layout_basic
D:6:      layout_cave_pods, uniq_pikel
D:7:      minmay_slanted_spiral_squares, layout_basic, minmay_misc_feat_doors,
          uniq_harold, uniq_prince_ribbit1
D:8:      layout_loops_corners, uniq_psyche, uniq_erica
Temple:   minmay_crystal_snake_temple

Skill      XL: |  1  2  3  4  5  6  7 |
---------------+----------------------+-----
Stealth        | 3 4 5 6 |  6.7
Unarmed Combat | 2 3 5 6 |  6.5
Shields        | 2 |  2.2
Fighting       | 2 |  2.5
Dodging        | 3 |  3.2
Short Blades   | |  1.0
Evocations     | |  3.2

Action                   |  1- 3 |  4- 6 |  7- 9 || total
-------------------------+-------+-------+-------++-------
Melee: Short sword       |    41 |    99 |       ||   140
       Tentacles         |     6 |    23 |    20 ||    49
       Constrict         |     7 |    31 |    15 ||    53
       Dagger            |       |    33 |    43 ||    76
       Punch             |       |     2 |     6 ||     8
       Unarmed           |       |       |    37 ||    37
 Fire: Hunting sling     |       |       |     8 ||     8
Evoke: Wand              |     6 |    17 |     9 ||    32
  Use: Potion            |     1 |       |     1 ||     2
       Scroll            |       |     4 |     3 ||     7
 Stab: Sleeping          |     8 |    36 |     7 ||    51
       Paralysed         |     1 |       |       ||     1
       Distracted        |       |     1 |       ||     1
  Eat: Chunk             |       |     4 |     1 ||     5
Armor: Skin              |     1 |     3 |     1 ||     5
Dodge: Dodged            |    21 |    57 |    55 ||   133
Block: Buckler           |       |       |     9 ||     9

Table legend:
 A = Non-vault XP
 B = Vault XP
 C = Vault XP percentage of total XP
 D = Non-vault monster count
 E = Vault monster count
 F = Vault count percentage of total count
                 A         B        C        D         E       F
            +---------+---------+-------+---------+---------+-------
      Total |    1155 |     326 |  22.0 |     107 |      45 |  29.6
            +---------+---------+-------+---------+---------+-------
        D:1 |      46 |       0 |   0.0 |      20 |       0 |   0.0
        D:2 |      79 |       0 |   0.0 |      30 |       0 |   0.0
        D:3 |      92 |       0 |   0.0 |      15 |       0 |   0.0
        D:4 |     204 |      55 |  21.2 |      13 |       7 |  35.0
        D:5 |     284 |       0 |   0.0 |      15 |       0 |   0.0
        D:6 |     103 |       0 |   0.0 |       7 |       0 |   0.0
        D:7 |     347 |      43 |  11.0 |       7 |       1 |  12.5
      Sewer |       0 |     228 | 100.0 |       0 |      37 | 100.0
            +---------+---------+-------+---------+---------+-------
